 Dungeon Crawl Stone Soup version 0.26.1-2-gb8aa6d0cf2 (webtiles) character file.

Game seed: 14956287989689852822

520 skwiii the Shield-Bearer (level 7, 60/60 HPs)
             Began as a Gnoll Fighter on Feb 17, 2021.
             Quit the game on level 4 of the Dungeon on Feb 18, 2021.
             The game lasted 00:18:25 (3371 turns).

skwiii the Shield-Bearer (Gnoll Fighter)            Turns: 3371, Time: 00:18:25

Health: 60/60      AC:  7    Str: 20    XL:     7   Next: 21%
Magic:  10/10      EV:  9    Int: 10    God:
Gold:   140        SH: 11    Dex: 15    Spells: 10/10 levels left

rFire    . . .     SeeInvis .   a - +0 war axe
rCold    . . .     Faith    .   c - +0 kite shield
rNeg     . . .     Spirit   .   b - +0 scale mail
rPois    .         Reflect  .   (no helmet)
rElec    .         Harm     .   (no cloak)
rCorr    .         Rampage  .   (no gloves)
Will     .....                  (no boots)
Stlth    +.........             (no amulet)
HPRegen  0.20/turn              (no ring)
MPRegen  0.12/turn              (no ring)

@: no status effects
A: distributed training, fangs 1, strong nose
a: no special abilities


You were on level 4 of the Dungeon.
You visited 1 branch of the dungeon, and saw 4 of its levels.

You collected 140 gold pieces.

Inventory:

Hand Weapons
 a - a +0 war axe (weapon)
 n - a +4 dagger
 p - a +0 hand axe
 q - a +0 quarterstaff
 s - a +0 trident
 t - a +0 long sword
 u - a cursed -1 whip
 y - a +0 halberd
Missiles
 m - 101 stones (quivered)
Armour
 b - a +0 scale mail (worn)
 c - a +0 kite shield (worn)
 f - a +0 ring mail
 h - a cursed +0 ring mail
 i - a +0 buckler
 j - a +0 cloak
 r - a +1 barding
 C - a +0 pair of gloves
Scrolls
 e - 4 scrolls of identify
 l - a scroll of amnesia {unknown}
 w - 2 scrolls of remove curse {unknown}
 A - a scroll of enchant armour {unknown}
Potions
 d - 2 potions of might
 g - a potion of curing {unknown}
 k - 2 potions of haste
 o - a potion of attraction
 v - a potion of brilliance {unknown}
 x - a potion of flight {unknown}
 z - a potion of berserk rage {unknown}
 B - a potion of mutation {unknown}


   Skills:
 + Level 7.0 Fighting
 + Level 2.3 Short Blades
 + Level 2.3 Long Blades
 + Level 5.2 Axes
 + Level 2.3 Maces & Flails
 + Level 2.3 Polearms
 + Level 2.3 Staves
 + Level 2.3 Slings
 + Level 2.3 Bows
 + Level 2.3 Crossbows
 + Level 2.3 Throwing
 + Level 7.0 Armour
 + Level 2.3 Dodging
 + Level 2.3 Stealth
 + Level 7.0 Shields
 + Level 2.3 Unarmed Combat
 + Level 2.3 Spellcasting
 + Level 1.9 Conjurations
 + Level 1.9 Hexes
 + Level 1.9 Summonings
 + Level 1.9 Necromancy
 + Level 1.9 Translocations
 + Level 1.9 Transmutations
 + Level 1.9 Fire Magic
 + Level 1.9 Ice Magic
 + Level 1.9 Air Magic
 + Level 1.9 Earth Magic
 + Level 1.9 Poison Magic
 + Level 2.6 Invocations
 + Level 2.3 Evocations


You had 10 spell levels left.
You didn't know any spells.
Your spell library was empty.

Dungeon Overview and Level Annotations

Branches:
Dungeon (4/15)
 Temple: D:4-7

Altars:
Yredelemnul

Annotations:
D:4 1 runed translucent door, sraybest's ghost, amateur MiBe


Innate Abilities, Weirdness & Mutations

Your experience applies equally to all skills.
You have very sharp teeth.
Your uncanny sense of smell can sniff out nearby items.


Message History

You kill the giant cockroach!
You see here a giant cockroach corpse.
You see here a giant cockroach corpse.
You see here a dagger.
Sraybest's ghost turns its malevolent gaze towards you.
You see here a robe.
Sraybest's ghost says, "Do you think the gods will protect you?"
Key pressed, stopping explore.
Found a ring mail.
You open the door.
There is an open door here.
An adder comes into view.
You block the adder's attack.
You slash the adder!
You kill the adder!
Saving game... please wait.
Level annotation: 1 runed translucent door, sraybest's ghost, amateur MiBe Welcome back, skwiii the Gnoll Fighter.
Press ? for a list of commands and other information.
Are you sure you want to abandon this character and quit the game? (Confirm with "yes".)

###.##..........# #..............
....##..........######..#########
.........(..............#
...###..........######.## ...#
############ ####.### ...#
####......# ...# #..'......# ...#
#.##......# ...# #@##..[...# ...#
#.######### ...# #.# ...# ...
#### ... #.# ... #.# #.# #.# #.#
#.# #.# #.#


There were no monsters in sight!

Vanquished Creatures
  Edmund (D:4)
  A phantom (D:4)
  Blork the orc (D:4)
  A howler monkey (D:4)
  An orc wizard (D:4)
  Natasha (thrice) (D:2)
  A worker ant (D:4)
  A gnoll (D:1)
  4 adders
  2 dart slugs
  4 orcs (D:4)
  A ball python (D:2)
  6 bats
  7 giant cockroaches
  A goblin (D:1)
  3 hobgoblins (D:1)
  2 jackals (D:4)
  A quokka (D:3)
  A frilled lizard (D:4)
  5 kobolds
  3 rats
50 creatures vanquished.

Notes
Turn   | Place    | Note
-------+----------+-------------------------------------------
     0 | D:1      | skwiii the Gnoll Fighter began the quest for the Orb.
     0 | D:1      | Reached XP level 1. HP: 23/23 MP: 1/1
   285 | D:1      | Reached XP level 2. HP: 27/29 MP: 2/2
   663 | D:2      | Reached XP level 3. HP: 35/35 MP: 3/3
   707 | D:2      | Noticed Natasha
   711 | D:2      | Killed Natasha
   712 | D:2      | Reached skill level 1 in Short Blades
   712 | D:2      | Reached skill level 1 in Long Blades
   712 | D:2      | Reached skill level 1 in Maces & Flails
   712 | D:2      | Reached skill level 1 in Polearms
   712 | D:2      | Reached skill level 1 in Staves
   712 | D:2      | Reached skill level 1 in Slings
   712 | D:2      | Reached skill level 1 in Bows
   712 | D:2      | Reached skill level 1 in Crossbows
   712 | D:2      | Reached skill level 1 in Throwing
   712 | D:2      | Reached skill level 1 in Dodging
   712 | D:2      | Reached skill level 1 in Stealth
   712 | D:2      | Reached skill level 1 in Unarmed Combat
   712 | D:2      | Reached skill level 1 in Spellcasting
   712 | D:2      | Reached skill level 1 in Invocations
   712 | D:2      | Reached skill level 1 in Evocations
   752 | D:2      | Reached XP level 4. HP: 41/41 MP: 5/5
   789 | D:2      | Noticed Natasha
   802 | D:2      | Killed Natasha
   803 | D:2      | Reached skill level 1 in Conjurations
   803 | D:2      | Reached skill level 1 in Hexes
   803 | D:2      | Reached skill level 1 in Summonings
   803 | D:2      | Reached skill level 1 in Necromancy
   803 | D:2      | Reached skill level 1 in Translocations
   803 | D:2      | Reached skill level 1 in Transmutations
   803 | D:2      | Reached skill level 1 in Fire Magic
   803 | D:2      | Reached skill level 1 in Ice Magic
   803 | D:2      | Reached skill level 1 in Air Magic
   803 | D:2      | Reached skill level 1 in Earth Magic
   803 | D:2      | Reached skill level 1 in Poison Magic
  1219 | D:2      | Noticed Natasha
  1233 | D:2      | Killed Natasha
  1234 | D:2      | Reached XP level 5. HP: 19/47 MP: 6/6
  1723 | D:3      | Found a basalt altar of Yredelemnul.
  2073 | D:4      | Noticed Blork the orc
  2085 | D:4      | Killed Blork the orc
  2086 | D:4      | Reached XP level 6. HP: 28/53 MP: 8/8
  2359 | D:4      | Found a runed translucent door.
  2359 | D:4      | Noticed sraybest's ghost (amateur MiBe)
  2428 | D:4      | Noticed a phantom
  2444 | D:4      | Killed a phantom
  2445 | D:4      | Reached skill level 5 in Axes
  2740 | D:4      | Noticed Edmund
  2759 | D:4      | Killed Edmund
  2760 | D:4      | Reached XP level 7. HP: 35/59 MP: 10/10
  3371 | D:4      | Quit the game

Illustrated notes

Levels and vault maps discovered:
D:1:      lightli_arrival_maybe_door_vault, layout_basic
D:2:      layout_loops_ring, uniq_natasha
D:3:      layout_basic, lemuel_coloured_pillars_altar, general_overflow_altar,
          chequers_serial_rivers_micro_b, kennysheep_cluttered_room
D:4:      layout_basic, hellmonk_ghost_happy_afterlife, uniq_edmund,
          uniq_eustachio, uniq_blork_the_orc

Skill      XL: |  1  2  3  4  5  6  7 |
---------------+----------------------+-----
Short Blades   | 1 2 |  2.3
Long Blades    | 1 2 |  2.3
Maces & Flails | 1 2 |  2.3
Polearms       | 1 2 |  2.3
Staves         | 1 2 |  2.3
Slings         | 1 2 |  2.3
Bows           | 1 2 |  2.3
Crossbows      | 1 2 |  2.3
Throwing       | 1 2 |  2.3
Dodging        | 1 2 |  2.3
Stealth        | 1 2 |  2.3
Unarmed Combat | 1 2 |  2.3
Spellcasting   | 1 2 |  2.3
Invocations    | 1 2 |  2.6
Evocations     | 1 2 |  2.3
Conjurations   | 1 |  1.9
Hexes          | 1 |  1.9
Summonings     | 1 |  1.9
Necromancy     | 1 |  1.9
Translocations | 1 |  1.9
Transmutations | 1 |  1.9
Fire Magic     | 1 |  1.9
Ice Magic      | 1 |  1.9
Air Magic      | 1 |  1.9
Earth Magic    | 1 |  1.9
Poison Magic   | 1 |  1.9
Axes           | 5 |  5.2
Fighting       | 7 |  7.0
Armour         | 7 |  7.0
Shields        | 7 |  7.0

Action                   |  1- 3 |  4- 6 |  7- 9 || total
-------------------------+-------+-------+-------++-------
Melee: War axe           |    37 |   103 |    21 ||   161
       Bite              |     4 |    18 |     3 ||    25
  Use: Scroll            |       |     1 |       ||     1
       Potion            |       |     1 |       ||     1
Armor: Scale mail        |    16 |    58 |     3 ||    77
Dodge: Dodged            |     7 |    38 |     3 ||    48
Block: Kite shield       |    24 |    84 |     9 ||   117
